 Dungeon Crawl Stone Soup version 0.26-a0-852-g6321bf7485 (webtiles) character file.

Game seed: 1121581934025378498

223 dolemite99 the Conjurer (level 6, -1/44 HPs)
             Began as a Gnoll Conjurer on Nov 21, 2020.
             Was an Initiate of Okawaru.
             Slain by an iguana (3 damage)
             ... on level 3 of the Dungeon.
             The game lasted 00:05:00 (5029 turns).

dolemite99 the Conjurer (Gnoll Conjurer)            Turns: 5029, Time: 00:05:01

Health: -1/44      AC:  3    Str:  9    XL:     6   Next: 0%
Magic:  10/13      EV: 15    Int: 22    God:    Okawaru [......]
Gold:   139        SH:  0    Dex: 14    Spells: 5/15 levels left

rFire    . . .     SeeInvis .   d - +0 whip
rCold    . . .     Faith    .   (no shield)
rNeg     . . .     Spirit   .   a - +0 robe
rPois    .         Reflect  .   (no helmet)
rElec    .         Harm     .   h - +0 cloak
rCorr    .         Rampage  .   (no gloves)
MR       .....                  (no boots)
Stlth    +++.......             (no amulet)
HPRegen  0.14/turn              (no ring)
MPRegen  0.13/turn              (no ring)

@: no status effects
A: distributed training, fangs 1, strong nose
a: Renounce Religion


You were on level 3 of the Dungeon.
You worshipped Okawaru.
Okawaru was noncommittal.
You visited 1 branch of the dungeon, and saw 4 of its levels.

You collected 139 gold pieces.

Inventory:

Hand Weapons
 c - a +0 club
 d - a +0 whip (weapon)
 j - a +0 spear
 t - a +0 falchion
 z - a +0 broad axe
Missiles
 f - 127 stones (quivered)
 p - 36 arrows
 y - 33 sling bullets
Armour
 a - a +0 robe (worn)
 h - a +0 cloak (worn)
 q - a +2 robe of positive energy
 x - a +0 leather armour
Jewellery
 i - an uncursed amulet of magic regeneration {unknown}
 o - an uncursed amulet of the acrobat {unknown}
Scrolls
 b - 2 scrolls of enchant armour {unknown}
 e - 2 scrolls of identify {unknown}
 g - 3 scrolls of teleportation {unknown}
 s - 3 scrolls of noise {unknown}
 v - 3 scrolls of remove curse {unknown}
 A - a scroll of random uselessness {unknown}
Potions
 k - a potion of brilliance {unknown}
 l - a potion of haste {unknown}
 m - 3 potions of might {unknown}
 n - a potion of ambrosia {unknown}
 r - 2 potions of flight {unknown}
 u - a potion of attraction {unknown}
 w - 2 potions of curing {unknown}


   Skills:
 + Level 1.7 Fighting
 + Level 1.7 Short Blades
 + Level 1.7 Long Blades
 + Level 1.7 Axes
 + Level 1.7 Maces & Flails
 + Level 1.7 Polearms
 + Level 1.7 Staves
 + Level 1.7 Slings
 + Level 1.7 Bows
 + Level 1.7 Crossbows
 + Level 1.7 Throwing
 + Level 1.7 Armour
 + Level 4.9 Dodging
 + Level 4.5 Stealth
 + Level 1.7 Shields
 + Level 1.7 Unarmed Combat
 + Level 5.2 Spellcasting
 + Level 7.2 Conjurations
 + Level 1.3 Hexes
 + Level 1.3 Summonings
 + Level 1.3 Necromancy
 + Level 1.3 Translocations
 + Level 1.3 Transmutations
 + Level 1.3 Fire Magic
 + Level 1.3 Ice Magic
 + Level 1.3 Air Magic
 + Level 1.3 Earth Magic
 + Level 1.3 Poison Magic
 + Level 1.9 Invocations
 + Level 1.7 Evocations


You had 5 spell levels left.
You knew the following spells:

 Your Spells              Type           Power        Failure   Level
a - Magic Dart            Conj           ####         1%          1
b - Searing Ray           Conj           #####.       1%          2
c - Dazzling Flash        Conj/Hex       ###...       4%          3
d - Fulminant Prism       Conj/Hex       ###.......   17%         4

Your spell library contained the following spells:

 Spells                   Type           Power        Failure   Level
 Iskenderun's Mystic Bla  Conj/Tloc      ###.....     17%         4


Dungeon Overview and Level Annotations

Branches:
Dungeon (4/15)
 Temple: D:4-7

Altars:
Ashenzari
Fedhas
Okawaru
Trog


Innate Abilities, Weirdness & Mutations

Your experience applies equally to all skills.
You have very sharp teeth.
Your uncanny sense of smell can sniff out nearby items.


Message History

The iguana is lightly wounded.
The iguana bites you!
Casting: Magic Dart (safe; 1% risk of failure)
Confirm with . or Enter, or press ? or * to list all spells.
Aiming: Magic Dart (safe; 1% risk of failure)
Press: ? - help, Shift-Dir - straight line, f/p - iguana
Aim: an iguana (lightly wounded)
The magic dart hits the iguana.
The iguana is heavily wounded.
The iguana bites you!
* * * LOW HITPOINT WARNING * * *
Casting: Magic Dart (safe; 1% risk of failure)
Confirm with . or Enter, or press ? or * to list all spells.
Aiming: Magic Dart (safe; 1% risk of failure)
Press: ? - help, Shift-Dir - straight line, f/p - iguana
Aim: an iguana (heavily wounded)
The magic dart hits the iguana.
The iguana is heavily wounded.
The iguana bites you.
You die...

#.###.##.## #.#
##...#.#
..........# #.#
##.##.#
#.###.##..# #.#
####.##.#
..##.###..#
#.#####....##.#
###.## #..#
#.).....#####.#
...## #..#
#.####### #.#
##.# #..# #.#
#.# #.# #..#
#l# #.# #.#
#..#
#@###########.#
#.# #..#
#.............#
##.# #..#
#.#############
...#####..#
##.#####
####......#
#......#
..........#
#......#
####.######
#......# # #.#
#####.## # #.#
#.#


You could see an iguana.

Vanquished Creatures
  A centaur skeleton (D:3)
  An iguana (D:3)
  5 gnolls
  3 adders
  A white imp (D:3)
  An ooze (D:3)
  2 worms (D:2)
  3 leopard geckos
  3 orcs (D:3)
  3 giant cockroaches
  8 goblins
  6 hobgoblins
  6 jackals
  A quokka (D:3)
  10 bats
  8 frilled lizards
  6 kobolds
  6 rats
74 creatures vanquished.

Notes
Turn   | Place    | Note
-------+----------+-------------------------------------------
     0 | D:1      | dolemite99 the Gnoll Conjurer began the quest for the Orb.
     0 | D:1      | Reached XP level 1. HP: 13/13 MP: 6/6
   569 | D:1      | Reached XP level 2. HP: 18/20 MP: 4/7
   933 | D:1      | Reached XP level 3. HP: 25/25 MP: 7/9
  1012 | D:1      | Reached skill level 5 in Spellcasting
  1368 | D:1      | Reached skill level 1 in Invocations
  1988 | D:2      | Found a bloodstained altar of Trog.
  1989 | D:2      | Found an iron altar of Okawaru.
  1997 | D:2      | Became a worshipper of Warmaster Okawaru
  2072 | D:2      | Reached skill level 1 in Fighting
  2072 | D:2      | Reached skill level 1 in Short Blades
  2072 | D:2      | Reached skill level 1 in Long Blades
  2072 | D:2      | Reached skill level 1 in Axes
  2072 | D:2      | Reached skill level 1 in Maces & Flails
  2072 | D:2      | Reached skill level 1 in Polearms
  2072 | D:2      | Reached skill level 1 in Staves
  2072 | D:2      | Reached skill level 1 in Slings
  2072 | D:2      | Reached skill level 1 in Bows
  2072 | D:2      | Reached skill level 1 in Crossbows
  2072 | D:2      | Reached skill level 1 in Throwing
  2072 | D:2      | Reached skill level 1 in Armour
  2072 | D:2      | Reached skill level 1 in Shields
  2072 | D:2      | Reached skill level 1 in Unarmed Combat
  2072 | D:2      | Reached skill level 1 in Evocations
  2208 | D:2      | Learned a level 2 spell: Searing Ray
  2344 | D:2      | Reached XP level 4. HP: 26/32 MP: 9/11
  2536 | D:2      | Reached skill level 1 in Hexes
  2536 | D:2      | Reached skill level 1 in Summonings
  2536 | D:2      | Reached skill level 1 in Necromancy
  2536 | D:2      | Reached skill level 1 in Translocations
  2536 | D:2      | Reached skill level 1 in Transmutations
  2536 | D:2      | Reached skill level 1 in Fire Magic
  2536 | D:2      | Reached skill level 1 in Ice Magic
  2536 | D:2      | Reached skill level 1 in Air Magic
  2536 | D:2      | Reached skill level 1 in Earth Magic
  2536 | D:2      | Reached skill level 1 in Poison Magic
  3288 | D:2      | Found a blossoming altar of Fedhas.
  3454 | D:3      | Reached XP level 5. HP: 37/37 MP: 10/12
  3889 | D:3      | Found a blossoming altar of Fedhas.
  4123 | D:3      | Found a broken altar of Ashenzari.
  4239 | D:3      | Learned a level 3 spell: Dazzling Flash
  4652 | D:3      | Learned a level 4 spell: Fulminant Prism
  4798 | D:3      | Reached XP level 6. HP: 44/44 MP: 10/13
  5028 | D:3      | HP: 2/44 [iguana (14)]
  5029 | D:3      | Slain by an iguana

Illustrated notes

Levels and vault maps discovered:
D:1:      ncdulo_watergridlock, layout_loops_ring, minmay_misc_feat_diagonals
D:2:      layout_loops_cross, gammafunk_temple_overflow_pools,
          marbit_many_paths, minmay_misc_feat_five
D:3:      layout_loops_ring, cheibrodos_ashenzari_chains, fedhas_altar_2
D:4:      cheibrodos_quashed, layout_basic, uniq_crazy_yiuf_cottage

Skill      XL: |  1  2  3  4 |
---------------+-------------+-----
Spellcasting   | 5 |  5.2
Invocations    | 1 |  1.9
Fighting       | 1 |  1.7
Short Blades   | 1 |  1.7
Long Blades    | 1 |  1.7
Axes           | 1 |  1.7
Maces & Flails | 1 |  1.7
Polearms       | 1 |  1.7
Staves         | 1 |  1.7
Slings         | 1 |  1.7
Bows           | 1 |  1.7
Crossbows      | 1 |  1.7
Throwing       | 1 |  1.7
Armour         | 1 |  1.7
Shields        | 1 |  1.7
Unarmed Combat | 1 |  1.7
Evocations     | 1 |  1.7
Hexes          | 1 |  1.3
Summonings     | 1 |  1.3
Necromancy     | 1 |  1.3
Translocations | 1 |  1.3
Transmutations | 1 |  1.3
Fire Magic     | 1 |  1.3
Ice Magic      | 1 |  1.3
Air Magic      | 1 |  1.3
Earth Magic    | 1 |  1.3
Poison Magic   | 1 |  1.3
Dodging        | |  4.9
Stealth        | |  4.5
Conjurations   | |  7.2

Action                   |  1- 3 |  4- 6 || total
-------------------------+-------+-------++-------
Melee: Whip              |    22 |    16 ||    38
       Bite              |     3 |     1 ||     4
Throw: Stone             |    27 |    40 ||    67
 Cast: Magic Dart        |    66 |    88 ||   154
       Searing Ray       |       |     3 ||     3
Armor: Robe              |    12 |     2 ||    14
Dodge: Dodged            |    48 |    43 ||    91

Table legend: (Time is in decaauts)
 A = Elapsed time spent in this place.
 B = Non-inter-level travel time spent in this place.
 C = Inter-level travel time spent in this place.
 D = Time resting spent in this place.
 E = Time spent auto-exploring this place.
 F = Levels seen in this place.
 G = Mean time per level.
                   A        B        C        D        E       F      G
               +--------+--------+--------+--------+--------+-----+--------+
         Total |   5034 |   4961 |     73 |   2235 |   1990 |   4 | 1258.5 |
       Dungeon |   5034 |   4961 |     73 |   2235 |   1990 |   4 | 1258.5 |
               +--------+--------+--------+--------+--------+-----+--------+

Top non-repeatable levels by time:
     D:2: 1803 daAuts
     D:1: 1624 daAuts
     D:3: 1599 daAuts
     D:4: 8 daAuts
